 Dungeon Crawl Stone Soup version 0.23.2-40-g277498a001 (webtiles) character file.

Game seed: 7819635995715003837

10616 FishyPogo the Geomancer (level 11, -3/74 HPs)
             Began as a Grey Draconian Earth Elementalist on Sept 6, 2019.
             Was a High Priest of Nemelex Xobeh.
             Slain by a blink frog (15 damage)
             ... on level 1 of the Lair of Beasts on Sept 7, 2019.
             The game lasted 01:06:16 (10375 turns).

FishyPogo the Geomancer (DrEE)                     Turns: 10375, Time: 01:06:17

Health: -3/74      AC: 13    Str: 11    XL:     11   Next: 38%
Magic:  1/20       EV: 16    Int: 20    God:    Nemelex Xobeh [*****.]
Gold:   37         SH:  6    Dex: 12    Spells: 3/22 levels left

rFire    + . .     SeeInvis .   a - +5 long sword of Discretion {protect, +Inv rC++}
rCold    + + .     Gourm    .   h - +1 buckler
rNeg     . . .     Faith    .   (armour unavailable)
rPois    +         Spirit   .   f - +1 hat
rElec    .         Reflect  .   C - scarf {cloud immunity}
rCorr    .         Harm     .   (no gloves)
MR       .....                  (no boots)
Stlth    +++.......             (no amulet)
HPRegen  0.22/turn              x - ring of poison resistance
MPRegen  0.17/turn              B - ring "Nuaz" {rPois rF+ Int+2 Stlth+}

@: very slightly contaminated
A: walk through water, unfitting armour, unbreathing, cold-blooded, AC +12
a: Draw Escape, Draw Destruction, Draw Summoning, Triple Draw, Deal Four, Stack
Five, Renounce Religion, Evoke Invisibility


You were on level 1 of the Lair of Beasts.
You worshipped Nemelex Xobeh.
Nemelex Xobeh was extremely pleased with you.
You were not hungry.

You visited 2 branches of the dungeon, and saw 12 of its levels.
You also visited: Sewer.

You collected 620 gold pieces.
You spent 583 gold pieces at shops.

Inventory:

Hand Weapons
 a - the +5 long sword of Discretion (weapon) {protect, +Inv rC++}
   (You found it on level 6 of the Dungeon)

   It protects the one who uses it against injury (+AC on strike).
   It greatly protects you from cold.
   It lets you turn invisible.
 d - a +3 scimitar of flaming
 p - a +2 hunting sling of freezing
Missiles
 m - a throwing net (quivered)
 s - 3 tomahawks
 v - 123 sling bullets
 y - 3 tomahawks of returning
 z - 176 stones
 F - 4 javelins
Armour
 f - a +1 hat (worn)
 h - a +1 buckler (worn)
 C - a scarf of cloud immunity (worn)
Magical Staves
 b - an uncursed staff of conjuration {back 21:10 ish}
Jewellery
 q - a +3 ring of dexterity
 x - a ring of poison resistance (left hand)
 B - the ring "Nuaz" (right hand) {rPois rF+ Int+2 Stlth+}
   (You bought it in a shop on level 5 of the Dungeon)

   [ring of stealth]

   It affects your intelligence (+2).
   It protects you from fire.
   It protects you from poison.
   It makes you more stealthy.
 G - an uncursed ring of protection from fire
 I - an uncursed ring of ice
 J - an uncursed ring of wizardry
Wands
 g - a wand of flame (30)
 k - a wand of polymorph (15)
Scrolls
 e - 10 scrolls of identify
 i - 6 scrolls of teleportation
 j - a scroll of fear
 o - 4 scrolls of remove curse
 A - a scroll of blinking
Potions
 l - 2 potions of heal wounds
 n - 4 potions of degeneration
 r - 3 potions of magic
 w - 3 potions of brilliance
 D - a potion of flight
Comestibles
 c - 12 rations
 t - 13 chunks of flesh


   Skills:
   Level 4.0(5.6) Short Blades
 * Level 6.1(6.6) Long Blades
 * Level 7.9 Dodging
 - Level 4.0 Stealth
 - Level 4.0 Shields
 + Level 6.1 Spellcasting
 * Level 4.0 Conjurations
 - Level 1.0 Transmutations
 + Level 10.9 Earth Magic
 + Level 6.4 Invocations


You had 3 spell levels left.
You knew the following spells:

 Your Spells              Type           Power        Failure   Level  Hunger
a - Sandblast             Erth           #####.       1%          1    None
b - Magic Dart            Conj           ###.         1%          1    None
c - Stone Arrow           Conj/Erth      #####.       1%          3    ##.....
d - Lee's Rapid Deconstr  Erth           #####.....   3%          5    #####..
e - Petrify               Tmut/Erth      ####....     9%          4    ####...
f - Conjure Flame         Conj/Fire      ##......     14%         3    ##.....
g - Passwall              Tmut/Erth      ####....     1%          2    None

Your spell library contained the following spells:

 Spells                   Type           Power        Failure   Level  Hunger
 Beastly Appendage        Tmut           ##....       7%          1    None
 Sticks to Snakes         Tmut           ##......     11%         2    None
 Blink                    Tloc           N/A          16%         2    None
 Call Imp                 Summ           #.......     16%         2    None
 Slow                     Hex            #.......     16%         2    None
 Mephitic Cloud           Conj/Pois/Air  ##......     19%         3    ##.....
 Spider Form              Tmut/Pois      #.........   26%         3    ##.....
 Ice Form                 Ice/Tmut       #.......     63%         4    ####...
 Blade Hands              Tmut           ##........   88%         5    #####..


Dungeon Overview and Level Annotations

Branches:
Dungeon (11/15)            Temple (0/1) D:5            Lair (1/6) D:10
    Orc (0/2) D:9

Altars:
Ashenzari
Dithmenos
Fedhas
Hepliaklqana
Nemelex Xobeh
Qazlal
Sif Muna
Wu Jian
Yredelemnul
Zin

Shops:
D:4 ?   D:5 (!==[   D:6 %   D:9 *

Annotations:
D:7 2 transporters, Cykl0x's ghost, novice FoFi


Innate Abilities, Weirdness & Mutations

You can walk through water.
Your dull iron-grey scales are very hard. (AC +12)
You cannot fit into any form of body armour.
You can survive without breathing.
You are cold-blooded and may be slowed by cold attacks.


Message History

Aiming: Stone Arrow (safe; 1% risk of failure)
Press: ? - help, Shift-Dir - straight line, f/p - blink frog
Aim: a blink frog (heavily wounded)
The stone arrow misses the blink frog.
Casting: Stone Arrow (safe; 1% risk of failure)
Confirm with . or Enter, or press ? or * to list all spells.
Aiming: Stone Arrow (safe; 1% risk of failure)
Press: ? - help, Shift-Dir - straight line, f/p - blink frog
Aim: a blink frog (heavily wounded)
You miscast Stone Arrow.
You are very lightly contaminated with residual magic.
You smell something strange.
The blink frog hits you!! You block the blink frog's attack.
The blink frog hits you!
* * * LOW HITPOINT WARNING * * *
The blink frog blinks!
You miss the blink frog.
The blink frog is heavily wounded.
The blink frog hits you!
You die...
Your body disappears without a glow.

#.........# ##........#
#.### .#.÷.....# ###...#
## ........##
#.#...###.##.# .÷.###..#
#............# ....##..##
#........#...##
.#.#.#...#
#...F..##.....##
.#######.##
#...##.......#
..##......# #..@##.......
#.#..###..####..#F#.FF⌠.#
## #........##†.#...#
###P##.P####.#...#.#
####.## #......# #.#
#.##.+### #.# ## ... #..
..## #.. ...


You could see 2 blink frogs.

Vanquished Creatures
  Erica (D:10)
  An ugly thing (D:9)
  2 komodo dragons (Lair:1)
  A hornet (D:8)
  6 blink frogs (Lair:1)
  4 hippogriffs
  9 yaks (D:9)
  A hungry ghost (D:10)
  A water moccasin (D:7)
  5 orc warriors
  3 porcupines (Lair:1)
  4 ice beasts
  3 sky beasts
  A necrophage (D:9)
  3 ogres
  3 phantoms
  3 centaurs
  A crocodile (Lair:1)
  3 big kobolds
  2 bullfrogs
  2 jellies
  4 scorpions
  2 water moccasin skeletons
  19 killer bees
  A wight (D:8)
  4 howler monkeys
  7 crimson imps
  A bullfrog zombie (D:10)
  2 hounds
  7 orc priests
  10 orc wizards
  Terence (D:2)
  3 iguanas
  Natasha (thrice) (D:2)
  9 worker ants
  A hound skeleton (D:6)
  3 gnolls (D:5)
  11 adders
  3 shadow imps
  An ooze (D:2)
  An adder zombie (D:5)
  An adder skeleton (D:4)
  3 worms
  3 leopard geckos
  23 orcs
  7 bats
  5 giant cockroaches
  2 hobgoblins (D:2)
  19 jackals
  3 ball pythons
  10 frilled lizards
  6 goblins
  23 kobolds
  4 rats
261 creatures vanquished.

Vanquished Creatures (others)
  2 wights (D:8)
  An orc wizard (D:10)
  A ball lightning (D:4)
  A kobold (D:10)
5 creatures vanquished.

Grand Total: 266 creatures vanquished

Notes
Turn   | Place    | Note
-------+----------+-------------------------------------------
     0 | D:1      | FishyPogo the Draconian Earth Elementalist began the quest
                  | for the Orb.
     0 | D:1      | Reached XP level 1. HP: 14/14 MP: 3/3
   210 | D:1      | Reached XP level 2. HP: 20/20 MP: 3/5
   288 | D:1      | Found a sparkling altar of Nemelex Xobeh.
   296 | D:1      | Became a worshipper of Nemelex Xobeh the Trickster
   515 | D:2      | Found an ornate altar of the Wu Jian Council.
   519 | D:2      | Reached skill level 1 in Shields
   792 | D:2      | Received a gift from Nemelex Xobeh
   794 | D:2      | Reached XP level 3. HP: 26/26 MP: 4/6
   883 | D:2      | Noticed Terence
   928 | D:2      | Killed Terence
  1277 | D:2      | Reached XP level 4. HP: 33/33 MP: 4/7
  1322 | D:2      | Noticed Natasha
  1326 | D:2      | Killed Natasha
  1432 | D:2      | Noticed Natasha
  1435 | D:2      | Killed Natasha
  1534 | D:2      | Noticed Natasha
  1539 | D:2      | Killed Natasha
  1539 | D:2      | Reached skill level 4 in Earth Magic
  1539 | D:2      | Reached XP level 5. HP: 32/38 MP: 5/8
  1586 | D:3      | Found a glowing drain.
  1600 | D:3      | Reached * piety under Nemelex Xobeh
  1663 | Sewer    | Entered a sewer
  1663 | Sewer    | Received a gift from Nemelex Xobeh
  1744 | Sewer    | Learned a level 2 spell: Passwall
  1748 | Sewer    | Learned a level 3 spell: Stone Arrow
  2945 | D:3      | Found a deep blue altar of Sif Muna.
  3237 | D:4      | Reached XP level 6. HP: 33/45 MP: 3/10
  3239 | D:4      | Reached skill level 1 in Invocations
  3454 | D:4      | Received a gift from Nemelex Xobeh
  3620 | D:4      | Found a basalt altar of Yredelemnul.
  3680 | D:4      | Found a hazy altar of Hepliaklqana.
  3907 | D:4      | Found Rustrosch's Magic Scroll Shoppe.
  3943 | D:5      | Entered Level 5 of the Dungeon
  3975 | D:5      | Found Weucesch's Distillery.
  3979 | D:5      | Your scales start taking on a dull iron-grey colour.
  3979 | D:5      | Reached skill level 5 in Earth Magic
  3979 | D:5      | Reached XP level 7. HP: 46/50 MP: 7/11
  3979 | D:5      | Gained mutation: You can survive without breathing. [Grey
                  | Draconian growth]
  3989 | D:5      | Learned a level 5 spell: Lee's Rapid Deconstruction
  4013 | D:5      | Reached skill level 6 in Earth Magic
  4152 | D:5      | Found Zotuwuna's Antique Weapon Emporium.
  4155 | D:5      | Found a staircase to the Ecumenical Temple.
  4210 | D:5      | Reached ** piety under Nemelex Xobeh
  4255 | D:5      | Found a shadowy altar of Dithmenos.
  4669 | D:5      | Found Iluages's Antique Armour Shop.
  4711 | D:5      | Found Wutzelum's Jewellery Shop.
  4718 | D:5      | Reached skill level 7 in Earth Magic
  4718 | D:5      | Reached XP level 8. HP: 57/57 MP: 9/13
  4734 | D:5      | Found Weetud's Jewellery Emporium.
  4965 | D:6      | Got a slimy long sword
  4966 | D:6      | Identified the +5 long sword of Discretion {protect, +Inv
                  | rC++} (You found it on level 6 of the Dungeon)
  5091 | D:6      | HP: 2/57 [orc warrior/+0 long sword (13)]
  5093 | D:6      | Reached skill level 1 in Short Blades
  5289 | D:6      | Found Woiwn's Food Shop.
  5369 | D:7      | Found a blossoming altar of Fedhas.
  5576 | D:7      | Found a transporter.
  5579 | D:7      | Noticed Cykl0x's ghost (novice FoFi)
  5580 | D:7      | Noticed a komodo dragon
  5585 | D:7      | Received a gift from Nemelex Xobeh
  5592 | D:7      | Noticed a moth of wrath
  5593 | D:7      | Reached *** piety under Nemelex Xobeh
  5605 | D:7      | Found a transporter.
  5674 | D:7      | Found a shattered altar of Ashenzari.
  5819 | D:7      | Reached skill level 8 in Earth Magic
  6093 | D:8      | Noticed a hornet
  6213 | D:8      | Reached XP level 9. HP: 56/62 MP: 6/15
  6277 | D:8      | Reached skill level 5 in Dodging
  6381 | D:8      | Received a gift from Nemelex Xobeh
  6485 | D:8      | Found a stormy altar of Qazlal.
  6485 | D:8      | Found a glowing silver altar of Zin.
  6652 | D:8      | Reached skill level 9 in Earth Magic
  6656 | D:8      | Reached skill level 1 in Long Blades
  6715 | D:8      | Learned a level 4 spell: Petrify
  7132 | D:9      | Reached skill level 5 in Spellcasting
  7148 | D:9      | Reached skill level 5 in Invocations
  7153 | D:9      | Reached XP level 10. HP: 30/69 MP: 1/17
  7207 | D:9      | HP: 2/69 [orc warrior/+0 halberd (13)]
  7570 | D:8      | Reached skill level 10 in Earth Magic
  7710 | D:9      | Found a staircase to the Orcish Mines.
  8190 | D:9      | Noticed a cyan ugly thing
  8220 | D:9      | Learned a level 3 spell: Conjure Flame
  8266 | D:9      | Learned a level 1 spell: Magic Dart
  8291 | D:9      | Received a gift from Nemelex Xobeh
  8528 | D:9      | Reached **** piety under Nemelex Xobeh
  8603 | D:9      | Reached skill level 1 in Conjurations
  8891 | D:9      | Found Soickiej's Assorted Antiques.
  8894 | D:9      | Bought a scroll labeled KAREIN OHOKOE for 25 gold pieces
  8972 | D:9      | Killed a cyan ugly thing
  9082 | D:10     | Entered Level 10 of the Dungeon
  9158 | D:10     | Reached skill level 5 in Long Blades
  9267 | D:10     | Found a staircase to the Lair.
  9579 | D:10     | Reached XP level 11. HP: 74/74 MP: 11/19
  9642 | D:10     | Noticed Erica
  9668 | D:10     | Killed Erica
  9869 | Lair:1   | Entered Level 1 of the Lair of Beasts
  9967 | D:5      | Bought the ring "Nuaz" {rPois rF+ Int+2 Stlth+} for 558
                  | gold pieces
 10074 | Lair:1   | Noticed a six-headed hydra
 10327 | Lair:1   | Reached ***** piety under Nemelex Xobeh
 10375 | Lair:1   | Slain by a blink frog

Skill      XL: |  1  2  3  4  5  6  7  8  9 10 11 |
---------------+----------------------------------+-----
Stealth        | 2 3 4 |  4.0
Dodging        | 2 3 4 6 7 |  7.9
Shields        | 1 2 3 4 |  4.0
Earth Magic    | 4 5 7 8 9 10 | 10.9
Invocations    | 1 2 3 5 6 |  6.4
Spellcasting   | 3 4 5 6 |  6.1
Short Blades   | 2 4 |  4.0
Long Blades    | 3 5 6 |  6.1
Conjurations   | 2 4 |  4.0
Transmutations | |  1.0

Action                   |  1- 3 |  4- 6 |  7- 9 | 10-12 || total
-------------------------+-------+-------+-------+-------++-------
Melee: Unarmed           |     3 |       |       |       ||     3
       Tailslap          |     4 |    26 |    27 |    33 ||    90
       Dagger            |    30 |   257 |   111 |       ||   398
       Hunting sling     |       |     2 |       |       ||     2
       Long sword        |       |       |   146 |   304 ||   450
       Staff             |       |       |       |     2 ||     2
Throw: Stone             |     1 |       |       |       ||     1
 Cast: Sandblast         |    38 |    17 |     3 |     5 ||    63
       Stone Arrow       |       |    27 |    53 |   101 ||   181
       Passwall          |       |       |     4 |       ||     4
       Lee's Rapid Decon |       |       |     4 |     1 ||     5
       Magic Dart        |       |       |       |    25 ||    25
 Abil: Draw Destruction  |       |     2 |    15 |    11 ||    28
       Draw Summoning    |       |       |     1 |       ||     1
       Evoke Invisibilit |       |       |       |     1 ||     1
       Draw Escape       |       |       |       |     1 ||     1
  Use: Scroll            |     2 |     3 |       |     5 ||    10
       Potion            |     1 |     2 |     4 |     8 ||    15
 Stab: Sleeping          |     1 |     2 |     2 |       ||     5
  Eat: Chunk             |     2 |    13 |    16 |     8 ||    39
       Ration            |       |       |       |     3 ||     3
Armor: Skin              |    11 |    74 |    83 |   131 ||   299
Dodge: Dodged            |    23 |   142 |   164 |   255 ||   584
Block: Buckler           |       |    48 |    69 |   120 ||   237
       Rpst.: Long sword |       |       |    28 |    80 ||   108
